 Dungeon Crawl Stone Soup version 0.29.1-12-g30fa7ad0bf (webtiles) character file.

Game seed: 11249118531010679827

3053 xian the Cleaver (level 9, 0/81 HPs)
             Began as a Minotaur Berserker on Dec 31, 2022.
             Was an Elder of Trog.
             Slain by a wyvern zombie (10 damage)
             ... on level 7 of the Dungeon.
             The game lasted 00:13:29 (6286 turns).

xian the Cleaver (Minotaur Berserker)               Turns: 6286, Time: 00:13:30

Health: 0/81       AC: 13    Str: 27    XL:     9   Next: 57%
Magic:  8/8        EV:  7    Int:  4    God:    Trog [****..]
Gold:   328        SH: 13    Dex:  9    Spells: 8/8 levels left

rFire   . . .      SeeInvis .   a - +0 hand axe
rCold   . . .      Faith    .   y - +0 kite shield
rNeg    . . .      Spirit   .   b - +0 plate armour
rPois   .          Reflect  +   (helmet restricted)
rElec   .          Harm     .   (no cloak)
rCorr   .          Rampage  .   (no gloves)
Will    .....                   (no boots)
Stlth   ..........              q - amulet of reflection
HPRegen 0.23/turn               (no ring)
MPRegen 0.11/turn               (no ring)

@: mighty, lethally poisoned (0 -> -4), on berserk cooldown
A: horns 2, retaliatory headbutt
a: Renounce Religion, Berserk, Trog's Hand, Brothers in Arms


You were on level 7 of the Dungeon.
You worshipped Trog.
Trog was greatly pleased with you.
You visited 1 branch of the dungeon, and saw 7 of its levels.
You also visited: Sewer.

You collected 431 gold pieces.
You spent 103 gold pieces at shops.

Inventory:

Hand Weapons
 a - a +0 hand axe (weapon)
 c - a +0 sling of flaming
 C - the +3 shortbow of the Briny Deep {vorpal, Drain Str+8 Dex+6}
   (You found it on level 6 of the Dungeon)

   Any ammunition fired from it inflicts extra damage upon your enemies.
   Str:       It affects your strength (+8).
   Dex:       It affects your dexterity (+6).
   Drain:     It drains your maximum health when unequipped.
Missiles
 f - 4 poisoned darts (quivered)
Armour
 b - a +0 plate armour (worn)
 p - an orb of energy
 y - a +0 kite shield (worn)
Jewellery
 h - an amulet of faith
 q - an amulet of reflection (around neck)
Wands
 l - a wand of flame (19)
 n - a wand of paralysis (11)
 x - a wand of acid (8)
Scrolls
 e - a scroll of identify
 g - 3 scrolls of poison
 j - a scroll of blinking
 k - 2 scrolls of enchant armour {unknown}
 r - a scroll of magic mapping {unknown}
 s - a scroll of enchant weapon {unknown}
 u - 3 scrolls of teleportation
 z - a scroll of vulnerability {unknown}
 A - a scroll of butterflies {unknown}
Potions
 d - a potion of might
 m - 3 potions of curing
 o - 2 potions of brilliance
 t - a potion of degeneration {unknown}
 v - a potion of mutation {unknown}
 w - a potion of haste {unknown}
 B - a potion of attraction {unknown}


   Skills:
 + Level 8.2 Fighting
 + Level 10.3 Axes
 + Level 2.3 Throwing
 + Level 8.0 Armour
 + Level 3.6 Dodging
 + Level 1.7 Stealth
 + Level 4.6 Shields
 + Level 0.2 Evocations


You had 8 spell levels left.
You didn't know any spells.
Your spell library was empty.

Dungeon Overview and Level Annotations

Branches:
Dungeon (7/15)             Temple (0/1) D:5           Sewer (visited)

Altars:
Cheibriados
Gozag
Qazlal
Trog
Uskayaw
Wu Jian
Xom
The Shining One

Shops:
D:4 [


Innate Abilities, Weirdness & Mutations

You have a pair of horns on your head.
You reflexively headbutt those who attack you in melee.


Message History

Unknown command.
The water moccasin attacks as you move away!
The water moccasin barely misses you.
You feel sick. You block the water moccasin's attack.
It was a potion of curing.
You feel better. You block the water moccasin's attack.
The water moccasin bites you but does no damage.
It was a potion of might.
You feel very mighty all of a sudden.
The water moccasin bites you but does no damage.
The water moccasin bites you.
* * * LOW HITPOINT WARNING * * *
Unknown command.
You slash the water moccasin!
Your headbutt misses the water moccasin.
The water moccasin is heavily wounded.
You block the water moccasin's attack. The water moccasin bites you.
* * * LOW HITPOINT WARNING * * *
You are poisoned.
The water moccasin poisons you!
You slash the water moccasin!
The water moccasin is almost dead.
You feel very sick. You block the water moccasin's attack.
The water moccasin bites you but does no damage.
You slash the water moccasin!
You kill the water moccasin!
Trog accepts your kill.
You feel very sick.
The wyvern zombie bites you but does no damage.
Your Armour skill increases to level 8!
You slice the wyvern zombie!! You headbutt the wyvern zombie!
The wyvern zombie is almost destroyed.
You feel very sick. You block the wyvern zombie's attack.
The wyvern zombie barely misses you.
You barely miss the wyvern zombie.
The wyvern zombie is almost destroyed.
You feel yourself speed up.
You feel sick. The wyvern zombie bites you!
You die...

.. #.......... .#
.##........#.# .. ### #
#.........##......
....##.##.#.#......
z...#
#...##......#.#?##.
P.8.# #...#####.###.#. #
..## #...# #.#
########...#####Z#
...#...........#@#
.............)..)#
.88#....[.†...)##.......
..[#####...##### ..#.#..
..# #...# ..# ## #...#
..# .## #...# ..# #.#
##.## ..# .########.#
...


You could see a wyvern zombie.

Vanquished Creatures
  Pikel (D:5)
  Sigmund (D:3)
  Eustachio (D:4)
  A water moccasin (D:7)
  A hornet zombie (D:7)
  An orc warrior (D:6)
  An ice beast (D:6)
  An ogre (D:5)
  A lemure (D:5)
  2 phantoms
  3 bullfrogs
  A gnoll sergeant (D:4)
  4 scorpions
  A necrophage (D:4)
  5 wights (D:7)
  2 centaur zombies (D:7)
  A bullfrog zombie (D:7)
  3 jellies
  3 hounds
  An orc priest (D:6)
  4 iguanas
  Terence (D:3)
  Natasha (thrice) (D:2)
  A killer bee zombie (D:7)
  Robin (D:2)
  A howler monkey zombie (D:7)
  8 gnolls
  11 adders
  2 shadow imps
  A worm (D:2)
  A dart slug (D:5)
  13 orcs
  2 endoplasms
  16 giant cockroaches
  13 goblins
  10 hobgoblins
  5 jackals
  A kobold (D:3)
  8 quokkas
  9 ball pythons
  4 bats
  7 frilled lizards
  12 rats
169 creatures vanquished.

Vanquished Creatures (others)
  13 withered plants (D:7)
13 creatures vanquished.

Grand Total: 182 creatures vanquished

Notes
Turn   | Place    | Note
-------+----------+-------------------------------------------
     0 | D:1      | xian the Minotaur Berserker began the quest for the Orb.
     0 | D:1      | Reached XP level 1. HP: 19/19 MP: 0/0
   377 | D:1      | Reached skill level 4 in Axes
   403 | D:1      | Found a faded altar of an unknown god.
   424 | D:1      | Reached XP level 2. HP: 27/27 MP: 1/1
   964 | D:2      | Noticed Robin
   974 | D:2      | Reached XP level 3. HP: 33/33 MP: 2/2
   974 | D:2      | Killed Robin
  1062 | D:2      | Reached skill level 5 in Axes
  1062 | D:2      | Reached ** piety under Trog
  1154 | D:2      | Reached XP level 4. HP: 41/41 MP: 3/3
  1332 | D:2      | Noticed Natasha
  1335 | D:2      | Killed Natasha
  1348 | D:2      | Noticed Natasha
  1356 | D:2      | Killed Natasha
  1483 | D:2      | Noticed Natasha
  1491 | D:2      | Killed Natasha
  1492 | D:2      | Reached XP level 5. HP: 45/47 MP: 4/4
  1774 | D:3      | Noticed Terence
  1782 | D:3      | Killed Terence
  1786 | D:3      | Reached skill level 6 in Axes
  1839 | D:3      | Reached skill level 5 in Fighting
  1952 | D:3      | Reached XP level 6. HP: 56/56 MP: 5/5
  2114 | D:3      | Noticed Sigmund
  2243 | D:3      | Killed Sigmund
  2414 | D:4      | Found Nagikir's Antique Armour Emporium.
  2574 | D:4      | Reached XP level 7. HP: 44/63 MP: 6/6
  2694 | D:4      | Reached skill level 7 in Axes
  2694 | D:4      | Reached skill level 1 in Throwing
  2801 | D:4      | Noticed Eustachio
  2808 | D:4      | Killed Eustachio
  2841 | D:4      | Reached skill level 5 in Armour
  2942 | D:4      | Reached *** piety under Trog
  2980 | D:4      | Found a glowing drain.
  2989 | Sewer    | Entered a sewer
  3382 | Sewer    | Reached skill level 8 in Axes
  3382 | Sewer    | Reached XP level 8. HP: 65/71 MP: 7/7
  3948 | D:5      | Entered Level 5 of the Dungeon
  4349 | D:5      | Found a staircase to the Ecumenical Temple.
  4376 | D:5      | Reached skill level 1 in Stealth
  4440 | D:5      | Reached skill level 1 in Shields
  4535 | D:5      | Noticed Pikel
  4547 | D:5      | Killed Pikel
  4548 | D:5      | Reached skill level 9 in Axes
  4597 | D:4      | Bought a kite shield for 103 gold pieces
  4964 | D:6      | Reached XP level 9. HP: 79/79 MP: 8/8
  5242 | D:6      | Found a hide-covered altar of Uskayaw.
  5701 | D:6      | Identified the +3 shortbow of the Briny Deep {vorpal, Drain
                  | Str+8 Dex+6}
  6082 | D:7      | Reached skill level 10 in Axes
  6147 | D:7      | Found a shadowy altar of Dithmenos.
  6149 | D:7      | Found a glowing golden altar of the Shining One.
  6149 | D:7      | Found a snail-covered altar of Cheibriados.
  6151 | D:7      | Found a bloodstained altar of Trog.
  6151 | D:7      | Found an opulent altar of Gozag.
  6151 | D:7      | Found a shimmering altar of Xom.
  6169 | D:7      | Found an opulent altar of Gozag.
  6183 | D:7      | Found an ornate altar of the Wu Jian Council.
  6187 | D:7      | Found a glowing golden altar of the Shining One.
  6190 | D:7      | Found a stormy altar of Qazlal.
  6245 | D:7      | Identified the +0 kite shield of Xom's Felicitations {rN+
                  | Int+4}
  6270 | D:7      | Reached **** piety under Trog
  6286 | D:7      | Slain by a wyvern zombie

Illustrated notes

Levels and vault maps discovered:
D:1:      co_arrival_random_square_maze, layout_basic,
          ebering_ecumenical_altar_abandoned
D:2:      layout_basic, chequers_garden, uniq_natasha, uniq_robin
D:3:      layout_rooms, uniq_sigmund, uniq_terence
D:4:      layout_rooms, gup_sewer_entry_bubbles, serial_shops,
          nicolae_square_shop, grunt_decor_mini_mirrors, lightli_minifort,
          uniq_eustachio
D:5:      layout_layer_cave, minmay_temple_entry_ruins,
          dreamdust_princess_bridge, uniq_pikel
D:6:      layout_basic, nicolae_uskayaw_murder_on_the_dancefloor
D:7:      layout_loops_cross, grunt_temple_overflow_open, doesnt_xom_only_xom,
          serial_undead, serial_undead_e, serial_undead_b, serial_undead_b,
          serial_undead_e, serial_undead_b, serial_undead_c, serial_undead_e,
          serial_undead_b, serial_undead_e, serial_undead_c,
          minmay_misc_feat_four_crosses

Skill      XL: |  1  2  3  4  5  6  7  8  9 |
---------------+----------------------------+-----
Axes           | 4 5 6 8 9 10 | 10.3
Fighting       | 4 5 6 7 8 |  8.2
Armour         | 3 4 5 7 8 |  8.0
Dodging        | 3 |  3.6
Throwing       | 1 2 |  2.3
Stealth        | 1 |  1.7
Shields        | 2 4 |  4.6
Evocations     | |  0.2

Action                   |  1- 3 |  4- 6 |  7- 9 || total
-------------------------+-------+-------+-------++-------
Melee: Hand axe          |    50 |   102 |   340 ||   492
       Headbutt          |     3 |    15 |    58 ||    76
       Punch             |       |     2 |     1 ||     3
Throw: Dart              |       |    13 |     6 ||    19
       Stone             |       |     1 |     7 ||     8
Invok: Berserk           |     2 |     4 |     8 ||    14
Evoke: Wand              |       |       |     1 ||     1
  Use: Scroll            |       |     4 |     1 ||     5
       Potion            |       |       |     2 ||     2
 Stab: Sleeping          |     1 |       |       ||     1
       Paralysed         |       |       |     2 ||     2
Armor: Animal skin       |     5 |       |       ||     5
       Plate armour      |    16 |    66 |   188 ||   270
Dodge: Dodged            |    41 |    53 |    99 ||   193
Block: Buckler           |       |       |    22 ||    22
       Kite shield       |       |       |   102 ||   102
